 Dungeon Crawl Stone Soup version 0.22-a0-609-gfedc9ff (webtiles) character file.

123 Hebeh the Magician (level 4, -2/24 HPs)
             Began as a Deep Elf Fire Elementalist on July 10, 2018.
             Slain by an orc priest
             ... wielding a +0 mace
              (7 damage)
             ... on level 3 of the Dungeon.
             The game lasted 00:11:44 (2994 turns).

Hebeh the Magician (Deep Elf Fire Elementalist)     Turns: 2994, Time: 00:11:45

Health: -2/24      AC:  2    Str:  5    XL:     4   Next: 79%
Magic:  0/12       EV: 13    Int: 21    God:
Gold:   133        SH:  0    Dex: 15    Spells: 5/11 levels left

rFire    . . .     SeeInvis .   d - -1 short sword (curse)
rCold    . . .     Gourm    .   (no shield)
rNeg     . . .     Faith    .   g - +0 robe
rPois    .         Spirit   .   (no helmet)
rElec    .         Reflect  .   (no cloak)
rCorr    .         Harm     .   (no gloves)
MR       .....     Rnd*Tele +   (no boots)
Stlth    ++........             (no amulet)
HPRegen  0.08/turn              e - ring of teleportation (curse)
MPRegen  0.13/turn              (no ring)

@: no status effects
A: no striking features
a: no special abilities


You were on level 3 of the Dungeon.
You were not hungry.

You visited 1 branch of the dungeon, and saw 3 of its levels.

You collected 133 gold pieces.

Inventory:

Hand Weapons
 a - a +0 dagger
 b - a +0 hunting sling
 d - a cursed -1 short sword (weapon)
Missiles
 j - 54 sling bullets
 l - 75 stones (quivered)
Armour
 g - a +0 robe (worn)
Jewellery
 e - a cursed ring of teleportation (left hand)
 r - an uncursed ring of protection from magic {unknown}
Scrolls
 s - a scroll of teleportation {unknown}
 t - a scroll of blinking {unknown}
 u - a scroll of fear {unknown}
 v - a scroll of fog {unknown}
Potions
 f - a potion of heal wounds {unknown}
 h - 3 potions of lignification
 i - a potion of agility {unknown}
 k - a potion of resistance {unknown}
 m - a potion of might {unknown}
 n - a potion of magic {unknown}
 o - a potion of flight {unknown}
 q - a potion of haste {unknown}
Comestibles
 c - 7 rations
 p - 3 chunks of flesh


   Skills:
 - Level 2.4 Dodging
 - Level 2.4 Stealth
 + Level 4.2 Spellcasting
 * Level 3.7 Conjurations
 + Level 4.1 Fire Magic


You had 5 spell levels left.
You knew the following spells:

 Your Spells              Type           Power        Failure   Level  Hunger
a - Flame Tongue          Conj/Fire      ###..        2%          1    None
b - Throw Flame           Conj/Fire      ###...       3%          2    #......
c - Conjure Flame         Conj/Fire      ###.....     7%          3    ###....

Your spell library contained the following spells:

 Spells                   Type           Power        Failure   Level  Hunger
 Fireball                 Conj/Fire      ###.......   54%         5    ######.
 Sticky Flame             Conj/Fire      ###.....     22%         4    ####...
 Inner Flame              Hex/Fire       ##......     16%         3    ###....


Dungeon Overview and Level Annotations

Branches:
Dungeon (3/15)

Altars:
Ashenzari
Xom


Message History

Aim: an orc priest, wielding a mace and wearing a ring mail (severely wounded)
You throw a stone.
The stone hits the orc priest but does no damage.
The orc priest is severely wounded.
Throwing (i - inventory)
l - 77 stones (quivered)
Press: ? - help, Shift-Dir - straight line, f/p - orc priest
Aim: an orc priest, wielding a mace and wearing a ring mail (severely wounded)
You throw a stone. The stone barely misses the orc priest.
The orc priest hits you with a mace.
* * * LOW HITPOINT WARNING * * *
Casting: Flame Tongue (safe; 2% risk of failure)
Confirm with . or Enter, or press ? or * to list all spells.
You don't have enough magic to cast that spell.
Throwing (i - inventory)
l - 76 stones (quivered)
Press: ? - help, Shift-Dir - straight line, f/p - orc priest
Aim: an orc priest, wielding a mace and wearing a ring mail (severely wounded)
You throw a stone. The stone hits the orc priest.
The orc priest is almost dead.
The orc priest hits you with a mace!
You die...

.(......###.#..######
..# ## ........#
#........... ..
.(......# ##...####### #
........# #...#
........# #...#
.[......# #...# #
...)....#####..####
##...
#########.......).#....#
#.......@o(().(+
#.........#...!#
#.....>...# ...#
#.........# ..#
########### .# #


You could see an orc priest.

Vanquished Creatures
  An orc wizard (D:3)
  2 adders
  An ooze (D:2)
  A worm (D:3)
  2 dart slugs (D:1)
  4 leopard geckos
  3 orcs (D:3)
  3 giant cockroaches
  4 goblins
  7 hobgoblins
  5 jackals
  8 bats
  4 frilled lizards
  9 kobolds
  7 rats
61 creatures vanquished.

Notes
Turn   | Place    | Note
-------+----------+-------------------------------------------
     0 | D:1      | Hebeh the Deep Elf Fire Elementalist began the quest for the Orb.
     0 | D:1      | Reached XP level 1. HP: 10/10 MP: 6/6
   326 | D:1      | Reached XP level 2. HP: 15/15 MP: 8/8
   845 | D:1      | Reached XP level 3. HP: 19/19 MP: 10/10
  1887 | D:2      | Found a shimmering altar of Xom.
  2275 | D:2      | Reached XP level 4. HP: 24/24 MP: 6/11
  2360 | D:2      | Learned a level 2 spell: Throw Flame
  2364 | D:2      | Learned a level 3 spell: Conjure Flame
  2782 | D:3      | Found a shattered altar of Ashenzari.
  2994 | D:3      | Slain by an orc priest

Vault maps used:
D:1:      nagdon_arrival_zigzag_paths
D:2:      xom_teletrap_fun
D:3:      first_ration, glass_columns_a, cheibrodos_ashenzari_chains

Skill      XL: |  1  2  3  4 |
---------------+-------------+-----
Conjurations   | 2 3 |  3.7
Spellcasting   | 4 |  4.2
Fire Magic     | 4 |  4.1
Dodging        | |  2.4
Stealth        | |  2.4

Action                   |  1- 3 |  4- 6 || total
-------------------------+-------+-------++-------
 Fire: Hunting sling     |    30 |       ||    30
Throw: Stone             |    28 |    24 ||    52
 Cast: Flame Tongue      |    68 |    21 ||    89
       Throw Flame       |       |    10 ||    10
       Conjure Flame     |       |     1 ||     1
  Use: Scroll            |     2 |     2 ||     4
       Potion            |       |     1 ||     1
  Eat: Chunk             |     1 |     2 ||     3
       Ration            |     1 |       ||     1
Armor: Robe              |     6 |       ||     6
Dodge: Dodged            |    28 |     5 ||    33

Table legend:
 A = Spawn XP
 B = Non-spawn XP
 C = Spawn XP percentage of total XP
 D = Spawn monster count
 E = Non-spawn monster count
 F = Spawn count percentage of total count
 G = Total turns spent on level
                    A         B        C        D         E        F      G
               +---------+---------+-------+---------+---------+-------+---------
         Total |       0 |     176 |   0.0 |       0 |      61 |   0.0 |  2994
               +---------+---------+-------+---------+---------+-------+---------
           D:1 |       0 |      55 |   0.0 |       0 |      31 |   0.0 |  1460
           D:2 |       0 |      44 |   0.0 |       0 |      16 |   0.0 |   959
           D:3 |       0 |      77 |   0.0 |       0 |      14 |   0.0 |   575
               +---------+---------+-------+---------+---------+-------+---------
